 Dungeon Crawl Stone Soup version 0.19-a0-1587-gaef70b6 (webtiles) character file.

4245 Amnesiac the Prestidigitator (level 10, -14/65 HPs)
             Began as a Mummy Artificer on Sept 16, 2016.
             Was an Initiate of Gozag.
             Demolished by an ogre
             ... wielding a +0 giant spiked club
              (23 damage)
             ... on level 8 of the Dungeon.
             The game lasted 00:28:59 (14833 turns).

Amnesiac the Prestidigitator (Mummy Artificer)     Turns: 14833, Time: 00:29:00

Health: -14/65     AC: 20    Str: 15    XL:     10   Next: 9%
Magic:  18/18      EV:  6    Int: 12    God:    Gozag
Gold:   724        SH:  0    Dex: 15    Spells: 1 memorised, 7 levels left

rFire  + . .     SeeInvis .     n - +0 dagger (pain)
rCold  + + .     Gourm    .     D - +9 chain mail of Hysteria {+Fly rF+ rC+}
rNeg   + + +     Faith    .     (no shield)
rPois  ∞         Spirit   .     z - +0 helmet
rElec  .         Dismiss  .     (no cloak)
rCorr  .         Reflect  .     q - +1 pair of gloves
MR     +....     Harm     .     (no boots)
Stlth  ..........               (no amulet)
                                l - ring of flight
                                f - ring of protection from fire

@: gold aura
A: no food or potions, fire vulnerability, cold resistance 1, negative energy
resistance 3, torment resistance, unbreathing
a: Potion Petition, Call Merchant, Bribe Branch, Renounce Religion, Evoke Flight


You were on level 8 of the Dungeon.
You worshipped Gozag.
Gozag was pleased with you.
You were not hungry.

You visited 2 branches of the dungeon, and saw 9 of its levels.

You collected 1609 gold pieces.
You paid 885 gold pieces to Gozag.

Inventory:

Hand Weapons
 n - a +0 dagger of pain (weapon)
 v - a +0 dagger of draining
 y - a +1 short sword of flaming
Armour
 q - a +1 pair of gloves (worn)
 w - a +0 scale mail of cold resistance
 x - a +1 robe of the Archmagi
 z - a +0 helmet (worn)
 B - a +1 leather armour of cold resistance
 D - the +9 chain mail of Hysteria (worn) {+Fly rF+ rC+}
   (You found it on level 8 of the Dungeon)

   It protects you from fire.
   It protects you from cold.
   It lets you fly.
Jewellery
 f - a ring of protection from fire (left hand)
 i - an uncursed ring of ice
 l - a ring of flight (right hand)
 E - a cursed -3 ring of evasion {unknown}
Wands
 b - a wand of enslavement (17/24)
 c - a wand of flame (0/48)
 d - a wand of enslavement (0/24)
 e - a wand of random effects (0/48)
 u - a wand of confusion (0/48)
 C - a wand of iceblast (0/15)
Scrolls
 a - a scroll of enchant armour
 g - 7 scrolls of remove curse
 h - 4 scrolls of identify
 j - a scroll of amnesia
 k - 3 scrolls of recharging
 m - 3 scrolls of magic mapping
 o - 2 scrolls of fear
 p - 5 scrolls of teleportation
 s - 3 scrolls of enchant weapon
 A - a scroll of fog
Books
 r - a Fen Folio

   Spells                             Type                      Level
   a - Corpse Rot                     Necromancy                   2
   b - Stone Arrow                    Conjuration/Earth            3
   c - Leda's Liquefaction            Hexes/Earth                  4
   d - Summon Forest                  Summoning/Translocation      5
   e - Hydra Form                     Transmutation                6
   f - Summon Hydra                   Summoning                    7
 t - a book of Ice

   Spells                             Type                      Level
   a - Ice Form                       Ice/Transmutation            4
   b - Metabolic Englaciation         Hexes/Ice                    5
   c - Ozocubu's Refrigeration        Ice                          6
   d - Bolt of Cold                   Conjuration/Ice              6
   e - Freezing Cloud                 Conjuration/Ice/Air          6
   f - Simulacrum                     Ice/Necromancy               6


   Skills:
 - Level 1.0 Fighting
 - Level 0.7 Short Blades
 + Level 0.0 Armour
 - Level 1.5 Dodging
 - Level 0.7 Stealth
 - Level 7.0 Necromancy
 - Level 11.0 Evocations


You had 7 spell levels left.
You knew the following spells:

 Your Spells              Type           Power        Failure   Level  Hunger
a - Corpse Rot            Necr           N/A          75%         2    N/A

Dungeon Overview and Level Annotations

Branches:
Dungeon (8/15)             Temple (1/1) D:6
   Lair: D:8-11

Altars:
Ashenzari
Cheibriados
Dithmenos
Elyvilon
Fedhas
Gozag
Hepliaklqana
Makhleb
Nemelex Xobeh
Okawaru
Qazlal
Ru
Sif Muna
Trog
Uskayaw
Vehumet
Xom
Yredelemnul
Zin
The Shining One

Shops:
D:5 %   D:6 }


Innate Abilities, Weirdness & Mutations

You do not eat or drink.
Your flesh is vulnerable to fire.
You are immune to poison.
Your flesh is cold resistant. (rC+)
You are immune to negative energy. (rN+++)
You are immune to unholy pain and torment.
You can survive without breathing.


Message History

You completely miss the ogre.
The ogre is lightly wounded.
You hit the ogre.
The ogre is moderately wounded.
The ogre hits you with a giant spiked club!
You hit the ogre but do no damage.
The ogre writhes in agony.
The ogre is heavily wounded.
The ogre hits you with a giant spiked club!
* * * LOW HITPOINT WARNING * * *
You are too injured to fight recklessly!
Unknown command.
Evoke which item? (* to show all) (? for menu, Esc to quit)
Zapping:
b - a wand of enslavement {zapped: 3} (will waste charges)
Press: ? - help, Shift-Dir - straight line, f - ogre
Aim: an ogre, wielding a giant spiked club (heavily wounded, chance to defeat MR: 68%)
The ogre struggles to resist.
Evoking this partially-identified wand wasted a few charges.
The ogre hits you with a giant spiked club!!
You die...
Your body crumbles into a pile of gold.

##.## #.....>...#
#..# #.........##
#$#### #.........##
#....# ##...........
##...###..........##
#................#
#...####.........#
#.O.# ##..#.######
##@## ###..#.##....
#.####.........###
##.##........######
#..#####..........#
#.## ##.##........
#.# ##...........#
#.# ##.......).....
#.# #..............
#.# #..............


You could see an ogre.

Vanquished Creatures
  Prince Ribbit (D:8)
  A hippogriff (D:7)
  Duvessa (D:6)
  A phantom (D:5)
  4 sky beasts
  2 orc warriors (D:7)
  5 ogres
  5 centaurs
  3 bullfrogs
  A water moccasin zombie (D:7)
  A scorpion (D:4)
  A water moccasin skeleton (D:8)
  7 worker ants
  Dowan (D:6)
  2 wights (D:6)
  A howler monkey (D:4)
  4 crimson imps
  4 hounds
  6 orc priests
  2 jellies
  12 orc wizards
  2 bullfrog skeletons (D:7)
  A centaur skeleton (D:8)
  4 iguanas
  A killer bee zombie (D:6)
  A hound zombie (D:8)
  3 hound skeletons
  Robin (D:2)
  11 adders
  8 gnolls (D:3)
  2 shadow imps
  An ooze (D:4)
  2 adder zombies (D:5)
  A worm (D:5)
  5 dart slugs
  2 leopard geckos
  18 orcs
  A ball python (D:5)
  8 giant cockroaches
  20 goblins
  9 hobgoblins
  14 jackals
  5 quokkas
  7 bats
  6 frilled lizards
  2 giant cockroach zombies
  A jackal skeleton (D:7)
  4 kobolds
  A quokka skeleton (D:6)
  5 rats (D:2)
211 creatures vanquished.

Vanquished Creatures (collateral kills)
  A two-headed ogre (D:8)
  An orc wizard (D:6)
  3 orcs
5 creatures vanquished.

Vanquished Creatures (others)
  2 wights (D:6)
  A howler monkey (D:4)
  A bullfrog skeleton (D:8)
  An orc (D:4)
5 creatures vanquished.

Grand Total: 221 creatures vanquished

Notes
Turn   | Place    | Note
-------+----------+-------------------------------------------
     0 | D:1      | Amnesiac the Mummy Artificer began the quest for the Orb.
     0 | D:1      | Reached XP level 1. HP: 15/15 MP: 2/2
   225 | D:2      | Reached skill level 3 in Evocations
   225 | D:2      | Reached XP level 2. HP: 10/21 MP: 2/4
   714 | D:2      | Noticed Robin
   846 | D:4      | Reached XP level 3. HP: 3/26 MP: 5/5
  1531 | D:4      | Reached skill level 4 in Evocations
  1531 | D:4      | Reached XP level 4. HP: 14/32 MP: 5/7
  1816 | D:4      | Reached XP level 5. HP: 36/37 MP: 8/8
  2156 | D:4      | HP: 1/37 [howler monkey (5)]
  2519 | D:4      | Reached skill level 5 in Evocations
  3133 | D:5      | Entered Level 5 of the Dungeon
  3397 | D:5      | Reached XP level 6. HP: 41/43 MP: 10/10
  3649 | D:5      | Reached skill level 6 in Evocations
  4009 | D:5      | Learned a level 2 spell: Corpse Rot
  4093 | D:5      | Found Niykeq's Food Boutique.
  4284 | D:6      | Found a staircase to the Ecumenical Temple.
  4569 | Temple   | Entered the Ecumenical Temple
  4808 | Temple   | Became a worshipper of Gozag Ym Sagoz the Greedy
  6085 | D:6      | Reached XP level 7. HP: 45/48 MP: 12/12
  6132 | D:6      | Reached skill level 7 in Evocations
  6280 | D:6      | Noticed Duvessa
  6300 | D:6      | Noticed Dowan
  6315 | D:6      | Killed Dowan
  6343 | D:6      | Killed Duvessa
  6376 | D:5      | Found a shattered altar of Ashenzari.
  6890 | D:2      | Killed Robin
  7745 | D:2      | Found a faded altar of an unknown god.
  8051 | D:3      | Found a sparkling altar of Nemelex Xobeh.
  8052 | D:3      | Found a blossoming altar of Fedhas.
  8332 | D:3      | Reached skill level 8 in Evocations
  8563 | D:3      | Reached XP level 8. HP: 33/54 MP: 14/14
  9493 | D:5      | Reached skill level 9 in Evocations
 10701 | D:6      | Reached skill level 10 in Evocations
 10808 | D:6      | HP: 2/54 [wight/flail of crushing (1)]
 10962 | D:6      | Reached XP level 9. HP: 32/59 MP: 16/16
 11160 | D:6      | HP: 1/59 [wight/scimitar (6)]
 12028 | D:7      | Reached skill level 11 in Evocations
 12330 | D:7      | Reached skill level 1 in Necromancy
 13241 | D:7      | Reached skill level 5 in Necromancy
 13869 | D:8      | Noticed Prince Ribbit
 13940 | D:8      | Reached XP level 10. HP: 15/65 MP: 18/18
 14243 | D:8      | Killed Prince Ribbit
 14683 | D:8      | Got a spiked chain mail
 14694 | D:8      | Identified the +9 chain mail of Hysteria {+Fly rF+ rC+} (You found it on level 8 of the Dungeon)
 14833 | D:8      | Demolished by an ogre

Vault maps used:
D:1:      nagdon_arrival_zigzag_paths
D:2:      ecumenical_altar_2, serial_park_tiny_1, uniq_robin
D:3:      gammafunk_temple_overflow_statue, first_bread
D:4:      grunt_decor_mini_mirrors
D:5:      serial_shops, shop, basic_altar
D:6:      grunt_tough_drop, uniq_duvessa
D:7:      enter_bailey_3
D:8:      uniq_prince_ribbit1
Temple:   eino_narrow_crystal_temple

Skill      XL: |  1  2  3  4  5  6  7  8  9 10 |
---------------+-------------------------------+-----
Evocations     | 3 4 5 6 8 10 11 | 11.0
Necromancy     | 6 7 |  7.0
Fighting       | |  1.0
Short Blades   | |  0.7
Dodging        | |  1.5
Stealth        | |  0.7

Action                   |  1- 3 |  4- 6 |  7- 9 | 10-12 || total
-------------------------+-------+-------+-------+-------++-------
Melee: Short sword       |    73 |   210 |   216 |     4 ||   503
       Dagger            |       |    40 |   884 |    40 ||   964
Invok: Call Merchant     |       |       |     1 |       ||     1
Evoke: Wand              |     6 |    31 |    39 |     5 ||    81
  Use: Scroll            |       |       |    12 |       ||    12
 Stab: Sleeping          |     2 |     1 |     2 |       ||     5
       Paralysed         |       |    12 |       |       ||    12
       Confused          |       |     2 |     7 |     3 ||    12
       Distracted        |       |       |     2 |       ||     2
Armor: Leather armour    |    13 |    64 |       |       ||    77
       Scale mail        |       |    16 |   467 |     2 ||   485
       Animal skin       |       |       |    33 |       ||    33
       Robe              |       |       |    17 |       ||    17
       Chain mail        |       |       |       |    10 ||    10
Dodge: Dodged            |    40 |   165 |   562 |     8 ||   775
